 Dungeon Crawl Stone Soup version 0.31-a0-924-ge39a22a033 (webtiles) character file.

Game seed: 10193381235832704542

118 Pixllover the Chopper (level 5, -3/51 HPs)
             Began as a Hill Orc Monk on Oct 18, 2023.
             Was a Priest of Dithmenos.
             Slain by a bullfrog (6 damage)
             ... in a sewer.
             The game lasted 00:04:46 (2245 turns).

Pixllover the Chopper (Hill Orc Monk)               Turns: 2245, Time: 00:04:47

Health: -3/51      AC:  5    Str: 16    XL:     5   Next: 2%
Magic:  5/5        EV: 11    Int: 10    God:    Dithmenos [***...]
Gold:   101        SH:  0    Dex: 13    Spells: 4/4 levels left

rFire   . . .        a - +1 hand axe
rCold   + . .        d - orb {light}
rNeg    . . .        h - +0 ring mail
rPois   .            (no helmet)
rElec   .            (no cloak)
rCorr   .            (no gloves)
SInv    .            (no boots)
Will    .....        (no amulet)
Stlth   +            (no ring)
HPRegen 0.28/turn    (no ring)
MPRegen 0.09/turn

%: no passive effects
@: very slow
A: cold resistance 1, robust 1
a: Renounce Religion, Shadow Step


You were in a sewer.
You worshipped Dithmenos.
Dithmenos was most pleased with you.
You visited 1 branch of the dungeon, and saw 3 of its levels.
You also visited: Sewer.

You collected 101 gold pieces.

Inventory:

Hand Weapons
 a - a +1 hand axe (weapon)
Armour
 d - an orb of light (worn)
 h - a +0 ring mail (worn)
Jewellery
 g - a ring of flight
 j - a ring of magical power
Scrolls
 e - a scroll of poison
 f - a scroll of enchant weapon


   Skills:
 + Level 4.7 Fighting
 + Level 5.1 Axes
 + Level 2.0 Armour
 + Level 3.0 Dodging


You had 4 spell levels left.
You didn't know any spells.
Your spell library contained the following spells:

 Spells                   Type           Power      Damage    Failure   Level
 Shock                    Conj/Air       0%         1d3       56%         1
 Swiftness                Air            0%         N/A       91%         3
 Airstrike                Air            0%         2d(0-16)  100%        4


Dungeon Overview and Level Annotations

Branches:
Dungeon (3/15)              Sewer (1/1)

Altars:
Dithmenos


Innate Abilities, Weirdness & Mutations

Your flesh is cold resistant. (rC+)
You are robust. (+10% HP)


Message History

The bullfrog is heavily wounded.
The bullfrog barely misses you.
You slash the bullfrog!
The bullfrog is almost dead.
The bullfrog hits you. The bullfrog misses you.
You closely miss the bullfrog.
The bullfrog is almost dead.
The bullfrog misses you.
You closely miss the bullfrog.
The bullfrog is almost dead.
The bullfrog hits you. The bullfrog hits you!
Your unstable footing causes you to fumble your attack.
The bullfrog croaks.
The bullfrog hits you.
* * * LOW HITPOINT WARNING * * *
Your unstable footing causes you to fumble your attack.
The bullfrog hits you.
* * * LOW HITPOINT WARNING * * *
The bullfrog hits you but does no damage.
You closely miss the bullfrog.
The bullfrog is almost dead.
You barely miss the bullfrog.
The bullfrog hits you but does no damage.
The bullfrog hits you.
* * * LOW HITPOINT WARNING * * *
The bullfrog hits you but does no damage.
Your unstable footing causes you to fumble your attack.
The bullfrog hits you.
* * * LOW HITPOINT WARNING * * *
The bullfrog hits you.
* * * LOW HITPOINT WARNING * * *
The bullfrog closely misses you.
Your unstable footing causes you to fumble your attack.
The bullfrog hits you but does no damage.
The bullfrog closely misses you. The bullfrog hits you.
* * * LOW HITPOINT WARNING * * *
You completely miss the bullfrog.
The bullfrog is almost dead.
You hit the bullfrog. The bullfrog hits you.
You die...

#######################
#....†..~~†.~.~~~.....##
#.~~~†~~~~~~~~~~~~~~~..#
#.†≈≈≈≈≈≈≈≈≈≈≈≈≈≈≈≈≈~~.#
#~~~≈~≈≈≈≈≈~~~~~~~~≈≈~.#
#~~~~.~≈≈≈≈≈~~~~..~~≈~.#
#~########≈≈~≈~~~~.~≈~.#
#~# #≈F@≈≈≈≈≈≈.~≈~.# #~#
#≈≈F≈~≈≈≈≈≈~~≈~.# #.#
#≈~≈≈≈~≈≈≈≈~≈≈~.# #~#
#≈≈~~~≈≈~≈≈≈~≈≈~†#
#≈~∩.~~≈.~≈≈~≈≈~.#
#≈≈~.....~≈~≈~≈~.#
≈≈≈≈~.~~~~≈~≈~≈~.#
#≈≈≈≈≈~~~~~≈≈~≈≈~.# ###
≈≈≈≈~≈~.# #.#


You could see 2 bullfrogs.

Vanquished Creatures
  7 adders
  2 worms (D:2)
  A dart slug (D:1)
  2 bats (D:1)
  An endoplasm (D:2)
  8 giant cockroaches
  5 goblins
  A hobgoblin (D:2)
  2 kobolds
  4 quokkas
  3 ball pythons
  9 frilled lizards
  4 rats
49 creatures vanquished.

Notes
Turn   | Place    | Note
-------+----------+-------------------------------------------
     0 | D:1      | Pixllover the Hill Orc Monk began the quest for the Orb.
     0 | D:1      | Reached XP level 1. HP: 19/19 MP: 1/1
   211 | D:1      | Reached XP level 2. HP: 27/27 MP: 2/2
   422 | D:1      | Found a faded altar of an unknown god.
   722 | D:1      | Prayed at the altar of an unknown god.
   722 | D:1      | Became a worshipper of Dithmenos the Shadowed
   722 | D:1      | Reached * piety under Dithmenos
   722 | D:1      | Reached ** piety under Dithmenos
   776 | D:2      | Reached XP level 3. HP: 25/33 MP: 3/3
   858 | D:2      | Reached *** piety under Dithmenos
  1168 | D:2      | Reached skill level 1 in Armour
  1205 | D:2      | Reached skill level 5 in Axes
  1205 | D:2      | Reached XP level 4. HP: 21/41 MP: 4/4
  1838 | D:3      | Found a glowing drain.
  1860 | Sewer    | Entered a sewer
  1887 | Sewer    | Gained mutation: Your flesh is cold resistant. (rC+)
                  | [potion of mutation]
  1887 | Sewer    | Gained mutation: You are robust. (+10% HP) [potion of
                  | mutation]
  2099 | Sewer    | Reached XP level 5. HP: 31/51 MP: 5/5
  2245 | Sewer    | Slain by a bullfrog

Illustrated notes

Levels and vault maps discovered:
D:1:      lightli_arrival_noodles, layout_loops_ring,
          shapermc_ecumenical_altar_ellora
D:2:      layout_basic, bh_walls_and_bars
D:3:      layout_loops_ring, portal_sewer_entry_d, minmay_unequal, uniq_ijyb,
          uniq_robin, uniq_crazy_yiuf_cottage, uniq_sigmund
Sewer:    sewer_frog_island_01

Skill      XL: |  1  2  3  4 |
---------------+-------------+-----
Fighting       | 4 |  4.7
Armour         | 1 2 |  2.0
Axes           | 5 |  5.1
Dodging        | 3 |  3.0

Action                     |  1- 3 |  4- 6 || total
---------------------------+-------+-------++-------
  Melee: Hand axe          |   100 |   119 ||   219
 Invoke: Shadow Step       |       |     1 ||     1
    Use: Potion            |       |     4 ||     4
         Scroll            |       |     3 ||     3
 Armour: Ring mail         |    74 |   115 ||   189
         Robe              |     2 |       ||     2
  Dodge: Dodged            |    64 |   104 ||   168

Table legend: (Time is in decaauts)
 A = Elapsed time spent in this place.
 B = Non-inter-level travel time spent in this place.
 C = Inter-level travel time spent in this place.
 D = Time resting spent in this place.
 E = Time spent auto-exploring this place.
 F = Levels seen in this place.
 G = Mean time per level.
                   A        B        C        D        E       F      G
               +--------+--------+--------+--------+--------+-----+--------+
         Total |   2309 |   2202 |    107 |    254 |   1225 |   4 |  577.2 |
       Dungeon |   1872 |   1765 |    107 |     74 |   1201 |   3 |  624.0 |
         Sewer |    436 |    436 |      0 |    180 |     24 |   1 |  436.0 |
               +--------+--------+--------+--------+--------+-----+--------+

Top non-repeatable levels by time:
     D:2: 1037 daAuts
     D:1: 764 daAuts
   Sewer: 436 daAuts
     D:3: 70 daAuts
